 Dungeon Sprint DCSS version 0.22.1-1-ga44c0e56f4 (webtiles) character file.

16890 MuseOD the Unseen (level 12, -3/69 (70) HPs)
             Began as a Spriggan Enchanter on Oct 1, 2018.
             Was the Champion of Dithmenos.
             Slain by a black mamba (17 damage)
             ... in the Dungeon (Sprint III: "The Ten Rune Challenge").
             The game lasted 00:05:35 (3196 turns).

MuseOD the Unseen (Spriggan Enchanter)              Turns: 3196, Time: 00:05:36

HP:   -3/69 (70)    AC:  3    Str:  4    XL:     12   Next: 14%
MP:   12/29         EV: 20    Int: 21    God:    Dithmenos [******]
Gold: 35            SH:  0    Dex: 17    Spells: 27/36 levels left

rFire    + . .     SeeInvis +   a - +1 dagger
rCold    . . .     Gourm    .   (shield restricted)
rNeg     . . .     Faith    .   c - +1 robe {rF+}
rPois    .         Spirit   .   (helmet restricted)
rElec    .         Reflect  .   (no cloak)
rCorr    .         Harm     .   (gloves unavailable)
MR       ++...     NoTele   +   (boots unavailable)
Stlth    ++++++++++             (no amulet)
HPRegen  0.21/turn              (no ring)
MPRegen  0.21/turn              (no ring)

@: wreathed by umbra, very quick
A: very small, unfitting armour, see invisible, herbivore, speed 3, slow
metabolism 2
a: Shadow Step, Shadow Form, Renounce Religion


You were in the Dungeon.
You worshipped Dithmenos.
Dithmenos was exalted by your worship.
You were not hungry.

You visited 1 branch You collected 35 gold pieces.

Inventory:

Hand Weapons
 a - a +1 dagger (weapon)
Armour
 b - a +0 robe
 c - a +1 robe of fire resistance (worn)
Wands
 p - a wand of flame (22)
Scrolls
 j - a scroll of blinking
 l - 2 scrolls of holy word {unknown}
 m - a scroll of identify {unknown}
 n - 4 scrolls of remove curse
Potions
 e - a potion of curing
 f - a potion of heal wounds
 g - 2 potions of haste
 h - 2 potions of magic
 i - 2 potions of berserk rage
 k - 3 potions of mutation {unknown}
 o - 2 potions of flight {unknown}
 q - a potion of might
Comestibles
 d - 3 rations


   Skills:
 + Level 11.6 Fighting
 * Level 19.6 Short Blades
 + Level 4.4 Dodging
 + Level 19.9 Stealth
 - Level 12.9 Spellcasting
 + Level 13.4 Hexes


You had 27 spell levels left.
You knew the following spells:

 Your Spells              Type           Power        Failure   Level  Hunger
a - Corona                Hex            ######.      1%          1    None
b - Ensorcelled Hibernat  Hex/Ice        #####.       1%          2    None
c - Confuse               Hex            ######..     1%          3    None
d - Dazzling Spray        Conj/Hex       #####.       1%          3    None

Your spell library contained the following spells:

 Spells                   Type           Power        Failure   Level  Hunger
 Confusing Touch          Hex            ######       1%          1    None
 Tukima's Dance           Hex            ######..     1%          3    None
 Animate Skeleton         Necr           N/A          4%          1    None
 Apportation              Tloc           ##....       4%          1    None
 Summon Small Mammal      Summ           ##..         4%          1    None
 Metabolic Englaciation   Hex/Ice        #####.....   9%          5    ####...
 Yara's Violent Unravell  Hex/Tmut       #####.....   9%          5    ####...
 Gell's Gravitas          Tloc           ##........   14%         3    None
 Petrify                  Tmut/Erth      ##......     43%         4    None


Dungeon Overview and Level Annotations

Branches:
Dungeon (1/1)

Altars:
Dithmenos
Elyvilon
Kikubaaqudgha
Okawaru
Ru
Sif Muna
Trog
Uskayaw
Vehumet
Wu Jian
Yredelemnul
Zin
The Shining One
Beogh


Innate Abilities, Weirdness & Mutations

You are very small and have problems with some larger weapons.
You are too small for most types of armour.
You have supernaturally acute eyesight. (SInv)
You are a herbivore.
You cover ground extremely quickly.
You need to consume almost no food.


Message History

The black mamba is unaffected.
The black mamba bites you!
* * * LOW HITPOINT WARNING * * *
The black mamba completely misses you.
You are too injured to fight recklessly!
Casting: Ensorcelled Hibernation (safe; 1% risk of failure)
Confirm with . or Enter, or press ? or * to list all spells.
Aiming: Ensorcelled Hibernation (safe; 1% risk of failure)
Press: ? - help, Shift-Dir - straight line, f/p - black mamba
Aim: a black mamba (umbra, chance to defeat MR: 67%)
The black mamba is unaffected.
Your shadow mimicks your spell!
The black mamba is unaffected.
The black mamba barely misses you. The black mamba misses you.
Casting: Ensorcelled Hibernation (safe; 1% risk of failure)
Confirm with . or Enter, or press ? or * to list all spells.
Aiming: Ensorcelled Hibernation (safe; 1% risk of failure)
Press: ? - help, Shift-Dir - straight line, f/p - black mamba
Aim: a black mamba (umbra, chance to defeat MR: 67%)
The black mamba is unaffected.
The black mamba bites you!
You die...

#..♣♣ ♣♣♣##)###
###'♣♣♣♣♣♣♣♣♣♣♣♣♣♣♣ #...'(
♣♣♣♣†##..##≈≈≈≈≈≈..# #...#.
♣...##†##.#†≈≈≈≈...# #..)#.
♣♣†##.##.##'≈≈≈≈≈####+#####.
♣..#.##...#≈≈......$.#..PP.
♣♣.##.##.)#§§.+#######.)..P
♣♣.##.#####§§.# #)...P
♣.....##SS@§§.# #...)P
########'########### #+####
#S§SS.......###.
#..S.S.......##§
###########..##.
..S.S..S...##.
...S..†...###. .##########
#.


You could see 2 black mambas.

Vanquished Creatures
  Dowan (D)
  Josephine (D)
  2 yaktaur captains (D)
  2 hydras (D)
  A centaur warrior (D)
  6 anacondas (D)
  Urug (D)
  A death drake (D)
  An unseen horror (D)
  A lindwurm (D)
  A deep elf mage (D)
  3 black mambas (D)
  Duvessa (D)
  2 spiny frogs (D)
  A komodo dragon (D)
  A yaktaur (D)
  3 wandering mushrooms (D)
  2 tyrant leeches (D)
  A shadow (D)
  3 redbacks (D)
  A water moccasin (D)
  A necrophage (D)
  2 centaurs (D)
  An earth elemental (D)
  An electric eel (D)
  A jelly (D)
  Jessica (D)
  A wizard (D)
  A necromancer (D)
  3 humans (D)
  A kobold demonologist (D)
  2 adders (D)
  An ooze (D)
  A phantom (D)
  2 rats (D)
55 creatures vanquished.

Vanquished Creatures (others)
  2 draconian scorchers (D)
  6 hellions (D)
  2 yaktaurs (D)
  An orc high priest (D)
  3 orc priests (D)
  4 plants (D)
18 creatures vanquished.

Grand Total: 73 creatures vanquished

Notes
Turn   | Place    | Note
-------+----------+-------------------------------------------
     0 | D        | MuseOD the Spriggan Enchanter began the quest for the Orb.
     0 | D        | Reached XP level 1. HP: 9/9 MP: 5/5
     9 | D        | Reached skill level 1 in Fighting
     9 | D        | Reached skill level 5 in Stealth
    50 | D        | Noticed Jessica
    53 | D        | Killed Jessica
    53 | D        | Reached XP level 2. HP: 15/15 MP: 6/6
    53 | D        | Reached XP level 3. HP: 18/18 MP: 8/8
    54 | D        | Killed a yaktaur
   100 | D        | Killed a hellion
   111 | D        | Killed a hellion
   119 | D        | Killed a hellion
   149 | D        | Killed a white draconian scorcher
   151 | D        | Learned a level 2 spell: Ensorcelled Hibernation
   155 | D        | Learned a level 3 spell: Confuse
   157 | D        | Killed a hellion
   159 | D        | Killed a hellion
   159 | D        | Killed a hellion
   176 | D        | Reached skill level 5 in Short Blades
   219 | D        | Killed a white draconian scorcher
   445 | D        | Killed a yaktaur
   541 | D        | Noticed a water elemental
   563 | D        | Found a basalt altar of Yredelemnul.
   563 | D        | Found a shadowy altar of Dithmenos.
   563 | D        | Found a sacrificial altar of Ru.
   563 | D        | Noticed a necrophage
   563 | D        | Noticed a necromancer
   577 | D        | Killed a necrophage
   577 | D        | Reached XP level 4. HP: 21/24 MP: 2/9
   577 | D        | Reached XP level 5. HP: 25/28 MP: 2/10
   589 | D        | Became a worshipper of Dithmenos the Shadowed
   717 | D        | Learned a level 3 spell: Dazzling Spray
   717 | D        | Found a glowing silver altar of Zin.
   717 | D        | Found a glowing golden altar of the Shining One.
   717 | D        | Found a white marble altar of Elyvilon.
   717 | D        | Noticed a deep elf mage
   734 | D        | Killed a deep elf mage
   734 | D        | Reached XP level 6. HP: 35/35 MP: 5/11
   734 | D        | Reached XP level 7. HP: 39/39 MP: 5/12
   792 | D        | Found a hide-covered altar of Uskayaw.
   792 | D        | Found a roughly hewn altar of Beogh.
   792 | D        | Found an iron altar of Okawaru.
   792 | D        | Found a bloodstained altar of Trog.
   792 | D        | Found an ornate altar of the Wu Jian Council.
   792 | D        | Noticed a human
   792 | D        | Noticed a human
   795 | D        | Killed a human
   796 | D        | Killed a human
   796 | D        | Reached * piety under Dithmenos
   841 | D        | Found a radiant altar of Vehumet.
   842 | D        | Found a deep blue altar of Sif Muna.
   842 | D        | Found an ancient bone altar of Kikubaaqudgha.
   962 | D        | Noticed a shadow
   964 | D        | Killed a shadow
   964 | D        | Reached ** piety under Dithmenos
   964 | D        | Reached XP level 8. HP: 45/45 MP: 12/14
  1058 | D        | Noticed Josephine
  1092 | D        | Killed Josephine
  1092 | D        | Reached skill level 5 in Spellcasting
  1278 | D        | Noticed a centaur warrior
  1280 | D        | Reached *** piety under Dithmenos
  1282 | D        | Killed a centaur warrior
  1282 | D        | Reached skill level 15 in Stealth
  1282 | D        | Reached XP level 9. HP: 51/51 MP: 17/20
  1308 | D        | Noticed an unseen horror
  1310 | D        | Killed an unseen horror
  1310 | D        | Reached skill level 15 in Short Blades
  1315 | D        | Noticed Dowan
  1315 | D        | Noticed Duvessa
  1317 | D        | Killed Duvessa
  1327 | D        | Killed Dowan
  1327 | D        | Reached **** piety under Dithmenos
  1327 | D        | Reached XP level 10. HP: 54/57 MP: 14/24
  1378 | D        | Noticed a yaktaur captain
  1378 | D        | Noticed a yaktaur captain
  1569 | D        | Killed a yaktaur captain
  1569 | D        | Reached skill level 10 in Hexes
  1577 | D        | HP: 2/57 [yaktaur captain/bolt (40)]
  1932 | D        | Killed a yaktaur captain
  1932 | D        | Reached skill level 10 in Spellcasting
  2008 | D        | Noticed a soul eater
  2402 | D        | Reached skill level 10 in Fighting
  2447 | D        | Noticed a spiny frog
  2447 | D        | Noticed a spiny frog
  2453 | D        | Killed a spiny frog
  2453 | D        | Reached ***** piety under Dithmenos
  2455 | D        | Killed a spiny frog
  2455 | D        | Reached XP level 11. HP: 38/62 MP: 21/26
  2608 | D        | Noticed a lindwurm
  2611 | D        | Killed a lindwurm
  2619 | D        | Noticed Urug
  2621 | D        | Killed Urug
  2721 | D        | Noticed a five-headed hydra
  2721 | D        | Noticed an eight-headed hydra
  2730 | D        | Reached ****** piety under Dithmenos
  2732 | D        | Killed an eight-headed hydra
  2733 | D        | Killed a five-headed hydra
  2740 | D        | Noticed a death drake
  2742 | D        | Killed a death drake
  2783 | D        | Noticed an anaconda
  2783 | D        | Noticed an anaconda
  2783 | D        | Noticed an anaconda
  2789 | D        | Killed an anaconda
  2797 | D        | Killed an anaconda
  2799 | D        | Killed an anaconda
  3160 | D        | Noticed an anaconda
  3160 | D        | Noticed an anaconda
  3160 | D        | Noticed an anaconda
  3162 | D        | Killed an anaconda
  3162 | D        | Reached XP level 12. HP: 69/69 MP: 29/29
  3166 | D        | Killed an anaconda
  3190 | D        | Killed an anaconda
  3196 | D        | Slain by a black mamba

Skill      XL: |  1  2  3  4  5  6  7  8  9 10 11 12 |
---------------+-------------------------------------+-----
Fighting       | 2 3 6 7 8 9 10 11 | 11.6
Short Blades   | 4 7 11 13 14 16 17 19 | 19.6
Stealth        | 6 9 12 13 15 16 17 19 | 19.9
Spellcasting   | 3 7 9 10 12 | 12.9
Hexes          | 4 7 9 11 13 | 13.4
Dodging        | 4 |  4.4

Action                   |  1- 3 |  4- 6 |  7- 9 | 10-12 || total
-------------------------+-------+-------+-------+-------++-------
Melee: Dagger            |    30 |    18 |    25 |    33 ||   106
 Cast: Confuse           |     6 |     2 |     4 |    10 ||    22
       Ensorcelled Hiber |     2 |       |     5 |    29 ||    36
Invok: Shadow Step       |       |       |     1 |     3 ||     4
  Use: Potion            |     1 |       |       |       ||     1
 Stab: Sleeping          |     2 |       |    12 |    26 ||    40
       Confused          |     3 |     2 |     4 |     1 ||    10
       Distracted        |       |       |       |     1 ||     1
  Eat: Ration            |       |       |       |     1 ||     1
Armor: Robe              |     1 |       |       |     2 ||     3
Dodge: Dodged            |    17 |     2 |     4 |    26 ||    49
